 Dungeon Crawl Stone Soup version 0.22-a0-542-gce4f928 (webtiles) character file.

52957 emperorscorpion the Archer (level 14, -12/86 HPs)
             Began as a Gargoyle Fire Elementalist on June 24, 2018.
             Was the Champion of the Shining One.
             Shot with an arrow by a deep elf archer (28 damage)
             ... on level 1 of the Elven Halls.
             The game lasted 01:09:52 (27616 turns).

emperorscorpion the Archer (GrFE)                  Turns: 27616, Time: 01:09:53

Health: -12/86     AC: 17    Str: 14      XL:     14   Next: 66%
Magic:  15/27      EV: 16    Int: 20 (22) God:    the Shining One [******]
Gold:   1520       SH:  0    Dex:  8 (10) Spells: 16/32 levels left

rFire    . . .     SeeInvis .   a - +5 trident (flame)
rCold    . . .     Gourm    .   (no shield)
rNeg     + + +     Faith    +   V - +0 troll leather armour
rPois    ∞         Spirit   .   n - +2 hat
rElec    +         Reflect  .   (no cloak)
rCorr    .         Harm     .   (no gloves)
MR       +....                  (no boots)
Stlth    +.........             U - amulet of faith
HPRegen  0.64/turn              i - +3 ring of intelligence
MPRegen  0.20/turn              B - +3 ring of evasion

@: flying, glowing
A: big wings, deterioration 1, negative energy resistance 1, electricity
resistance, unbreathing, petrification resistance, rot immunity, AC +10
a: Stop Flying, Divine Shield, Cleansing Flame, Summon Divine Warrior, Brand
Weapon With Holy Wrath, Renounce Religion


You were on level 1 of the Elven Halls.
You worshipped the Shining One.
The Shining One was exalted by your worship.
You were very hungry.

You visited 5 branches of the dungeon, and saw 20 of its levels.

You collected 1520 gold pieces.

Inventory:

Hand Weapons
 a - a +5 trident of flaming (weapon)
 b - a +0 shortbow
 D - the +8 whip "Snakebite" {curare, rPois}
   (You found it on level 3 of the Lair of Beasts)

   It poisons the flesh of those it strikes.
   It protects you from poison.
 K - a +0 dagger of electrocution
Missiles
 p - 139 arrows
 r - a throwing net (quivered)
 u - 5 curare-tipped needles
 J - 39 poisoned needles
Armour
 k - a +0 robe
 n - a +2 hat (worn)
 t - a +1 hat
 C - a +2 ring mail of cold resistance
 V - a +0 troll leather armour (worn)
Jewellery
 f - an uncursed ring of ice
 i - a +3 ring of intelligence (left hand)
 q - an uncursed ring of resist corrosion
 B - a +3 ring of evasion (right hand)
 O - a +2 ring of evasion
 U - an amulet of faith (around neck)
Wands
 E - a wand of paralysis (8)
 L - a wand of polymorph (44)
 T - a wand of flame (47)
Scrolls
 g - a scroll of amnesia
 h - a scroll of teleportation
 o - 2 scrolls of vulnerability
 s - 7 scrolls of remove curse
 v - 3 scrolls of enchant armour
 y - 2 scrolls of enchant weapon
 z - 10 scrolls of identify
 N - 2 scrolls of brand weapon
 W - 3 scrolls of fear
Potions
 e - 3 potions of curing
 j - 2 potions of flight
 l - 3 potions of might
 w - a potion of berserk rage
 x - 5 potions of haste
 A - 2 potions of lignification
 F - 2 potions of magic
 G - 2 potions of mutation
 M - a potion of resistance
 P - 5 potions of agility
 S - 2 potions of brilliance {unknown}
Miscellaneous
 Q - a phantom mirror
Comestibles
 c - 18 rations


   Skills:
 + Level 9.5 Fighting
 - Level 0.2 Maces & Flails
 + Level 7.3 Polearms
 + Level 12.7 Bows
 + Level 4.6 Armour
 + Level 4.9 Dodging
 - Level 3.1 Stealth
 + Level 9.5 Spellcasting
 + Level 9.5 Conjurations
 + Level 1.0 Hexes
 + Level 9.7 Fire Magic
 * Level 5.0 Invocations
 - Level 2.0 Evocations


You had 16 spell levels left.
You knew the following spells:

 Your Spells              Type           Power        Failure   Level  Hunger
a - Flame Tongue          Conj/Fire      #####        1%          1    None
b - Sticky Flame          Conj/Fire      #####...     1%          4    ##.....
c - Fireball              Conj/Fire      #####.....   4%          5    #####..
d - Inner Flame           Hex/Fire       ####....     3%          3    None
e - Conjure Flame         Conj/Fire      #####...     1%          3    None

Your spell library contained the following spells:

 Spells                   Type           Power        Failure   Level  Hunger
 Cause Fear               Hex            ##........   50%         4    ##.....
 Apportation              Tloc           #.....       9%          1    None
 Confuse                  Hex            ##......     17%         3    None
 Invisibility             Hex            ##......     100%        6    ######.
 Throw Flame              Conj/Fire      #####.       1%          2    None
 Animate Dead             Necr           N/A          65%         4    ##.....
 Pain                     Necr           #...         9%          1    None
 Animate Skeleton         Necr           N/A          9%          1    None
 Vampiric Draining        Necr           #.........   26%         3    None
 Regeneration             Chrm/Necr      #.........   26%         3    None
 Tukima's Dance           Hex            ##......     17%         3    None
 Deflect Missiles         Chrm/Air       #.........   100%        6    ######.
 Confusing Touch          Hex            ##....       6%          1    None
 Metabolic Englaciation   Hex/Ice        ##........   89%         5    #####..
 Summon Butterflies       Summ           #.......     9%          1    None
 Silence                  Hex/Air        ##........   89%         5    #####..
 Alistair's Intoxication  Tmut/Pois      #.......     94%         5    #####..
 Petrify                  Tmut/Erth      #.......     65%         4    ##.....
 Discord                  Hex            ##........   100%        8    #######
 Gell's Gravitas          Tloc           #.........   26%         3    None
 Yara's Violent Unravell  Hex/Tmut       ##........   89%         5    #####..
 Lesser Beckoning         Tloc           #.........   26%         3    None


Dungeon Overview and Level Annotations

Branches:
Dungeon (13/15)            Temple (1/1) D:4            Lair (3/6) D:10
  Swamp (0/4) Lair:2          Orc (2/2) D:11            Elf (1/3) Orc:2
 Vaults (0/5) D:13
  Snake: Lair:2-4    Spider: Lair:2-4

Altars:
Ashenzari
Cheibriados
Elyvilon
Fedhas
Hepliaklqana
Qazlal
Ru
Uskayaw
Vehumet
Wu Jian
The Shining One
Beogh
Jiyva

Shops:
Orc:2 [}?(   Elf:1 =}=

Annotations:
Lair:1 3 runed doors, inc's ghost, novice OpEn


Innate Abilities, Weirdness & Mutations

You are resistant to torment.
Your stone body is resilient. (AC +10)
You are immune to poison.
Your large and strong wings let you fly indefinitely.
You resist negative energy. (rN+)
You are resistant to electric shocks. (rElec)
You can survive without breathing.
You are immune to petrification.
You are immune to rotting.
Your body sometimes deteriorates upon taking damage.


Message History

The deep elf archer shoots an arrow.
The arrow completely misses you.
The deep elf mage mumbles some strange words.
The deep elf mage blinks!
You see here an arrow.
Okay, then.
Okay, then.
The deep elf archer shoots an arrow.
The arrow barely misses you.
Found 17 stones.
You see here an arrow.
A deep elf archer comes into view. It is wielding a short sword.
The deep elf archer shouts!
The deep elf mage points at you and mumbles some strange words.
The bolt of magma misses you.
Found a metal-bound book.
The deep elf mage hits you with a long sword.
* * * LOW HITPOINT WARNING * * *
The deep elf archer unwields an uncursed short sword.
The deep elf archer wields an uncursed longbow.
The deep elf archer shoots an arrow.
The arrow hits you!!
You die...

..e....## ###.#.#
........#####...'.#
#
.......e'.(.)..e'.#
:#
........#####((.#.#
'## .......+# ###(#
... #.....# #(# ..
##...# #(########
###+# ##e....(.e.
#.# #.@#...#... #
#.# #.###.## ## #.#
#.. '# .## #.# ##.
. #.###.# ## ..
##.##'# .. ##'#.##
..# ####...####
........'...


You could see 2 deep elf archers and a deep elf mage.

Vanquished Creatures
  Snorg (Lair:3)
  3 vault guards (D:13)
  Harold (D:12)
  Fannar (D:10)
  2 dancing weapons (Elf:1)
  8 two-headed ogres
  2 deep elf knights (Elf:1)
  4 orc high priests (Orc:2)
  2 unseen horrors
  2 deep elf archers (Elf:1)
  4 orc knights
  2 oklob plants (Lair:1)
  5 deep elf magi (Elf:1)
  4 orc sorcerers (Orc:2)
  4 ugly things
  3 black mambas (Lair:3)
  Joseph (D:8)
  4 spiny frogs
  2 rime drakes (Lair:3)
  A komodo dragon (Lair:2)
  A polar bear (shapeshifter) (D:13)
  4 trolls
  A hornet (D:13)
  8 hippogriffs
  An air elemental (Elf:1)
  8 blink frogs
  The ghost of nikopol the Firebug, an amateur DEFE of Vehumet (D:4)
  A wraith (D:12)
  A wyvern (D:11)
  2 fire elementals (Elf:1)
  36 yaks
  4 vampire mosquitoes (D:13)
  2 basilisks
  2 hungry ghosts
  5 insubstantial wisps (Lair:2)
  A warg (Orc:1)
  7 water moccasins
  5 porcupines
  A swamp drake (D:11)
  40 orc warriors
  3 sky beasts
  5 ice beasts
  2 necrophages
  2 phantoms
  21 ogres
  6 wolves
  4 centaurs
  A crocodile (Lair:1)
  5 bullfrogs
  2 gnoll sergeants
  4 scorpions
  A wyvern skeleton (D:13)
  10 wights
  A howler monkey (D:6)
  2 electric eels
  3 crimson imps
  A bullfrog zombie (D:11)
  A centaur zombie (D:6)
  30 orc priests
  2 hounds
  A jelly (D:7)
  2 bullfrog skeletons
  2 centaur skeletons
  An iron imp (D:8)
  6 iguanas
  19 orc wizards
  10 worker ants
  A hound zombie (D:8)
  A hound skeleton (D:10)
  A howler monkey zombie (D:6)
  12 gnolls
  22 adders
  3 shadow imps
  An ooze (D:5)
  An adder zombie (D:5)
  3 worms (D:2)
  5 leopard geckos
  120 orcs
  2 ball pythons (D:5)
  7 bats
  5 giant cockroaches
  8 goblins
  8 hobgoblins
  4 jackals
  6 quokkas
  8 frilled lizards
  3 kobolds
  9 rats
  2 plants (Lair:1)
566 creatures vanquished.

Vanquished Creatures (collateral kills)
  An orc warlord (Orc:2)
1 creature vanquished.

Vanquished Creatures (others)
  An orc priest (Orc:2)
  A rat (D:3)
  2 plants (Lair:3)
4 creatures vanquished.

Grand Total: 571 creatures vanquished

Notes
Turn   | Place    | Note
-------+----------+-------------------------------------------
     0 | D:1      | emperorscorpion the Gargoyle Fire Elementalist began the quest for the Orb.
     0 | D:1      | Reached XP level 1. HP: 10/10 MP: 3/3
   252 | D:1      | Reached XP level 2. HP: 15/15 MP: 3/5
   788 | D:1      | You fall through a shaft!
  1253 | D:2      | Reached XP level 3. HP: 17/19 MP: 6/6
  2160 | D:2      | Found a shattered altar of Ashenzari.
  2211 | D:2      | Reached XP level 4. HP: 24/24 MP: 1/8
  2948 | D:3      | Learned a level 4 spell: Sticky Flame
  3060 | D:3      | Reached XP level 5. HP: 28/28 MP: 9/9
  3133 | D:3      | Noticed a centaur
  3158 | D:3      | Killed a centaur
  3799 | D:4      | Found a staircase to the Ecumenical Temple.
  3803 | Temple   | Entered the Ecumenical Temple
  3834 | Temple   | Became a worshipper of the Shining One
  3874 | D:4      | Reached XP level 6. HP: 33/33 MP: 3/10
  3884 | D:4      | Learned a level 5 spell: Fireball
  3974 | D:4      | Reached skill level 1 in Bows
  4383 | D:4      | Found a stormy altar of Qazlal.
  4629 | D:4      | Found a faded altar of an unknown god.
  4629 | D:4      | Found a radiant altar of Vehumet.
  4634 | D:4      | Found a blossoming altar of Fedhas.
  4636 | D:4      | Found a hazy altar of Hepliaklqana.
  4638 | D:4      | Found a hide-covered altar of Uskayaw.
  4874 | D:4      | Found a runed door.
  4874 | D:4      | Noticed nikopol's ghost (amateur DEFE)
  4883 | D:4      | Killed nikopol's ghost
  4883 | D:4      | Reached skill level 1 in Fighting
  4883 | D:4      | Reached skill level 3 in Bows
  4883 | D:4      | Reached XP level 7. HP: 26/38 MP: 10/12
  5037 | D:5      | Entered Level 5 of the Dungeon
  5518 | D:5      | Reached skill level 4 in Bows
  5922 | D:5      | Reached XP level 8. HP: 41/45 MP: 7/13
  6359 | D:6      | Reached skill level 5 in Bows
  6449 | D:6      | Reached * piety under the Shining One
  6672 | D:6      | Reached skill level 5 in Fire Magic
  7203 | D:6      | Reached skill level 6 in Bows
  7208 | D:6      | Learned a level 3 spell: Inner Flame
  7384 | D:6      | Reached skill level 1 in Evocations
  7388 | D:6      | Reached XP level 9. HP: 44/49 MP: 5/16
  7715 | D:6      | Reached skill level 7 in Bows
  7989 | D:6      | Learned a level 3 spell: Conjure Flame
  8301 | D:7      | Found a glowing golden altar of the Shining One.
  8660 | D:7      | Reached skill level 8 in Bows
  8740 | D:7      | Reached skill level 5 in Spellcasting
  9155 | D:8      | Noticed a two-headed ogre
  9167 | D:8      | Killed a two-headed ogre
  9167 | D:8      | Reached XP level 10. HP: 58/58 MP: 14/18
  9221 | D:8      | Reached skill level 9 in Bows
  9250 | D:8      | Reached skill level 5 in Fighting
  9492 | D:8      | Found a snail-covered altar of Cheibriados.
  9508 | D:8      | Reached ** piety under the Shining One
  9636 | D:8      | Noticed Joseph
  9666 | D:8      | Killed Joseph
  9666 | D:8      | Reached skill level 5 in Conjurations
 10804 | D:9      | Reached skill level 10 in Bows
 11849 | D:10     | Entered Level 10 of the Dungeon
 11894 | D:10     | Noticed an unseen horror
 11899 | D:10     | Killed an unseen horror
 12001 | D:10     | Found a staircase to the Lair.
 12089 | D:10     | Reached XP level 11. HP: 64/64 MP: 20/20
 12236 | D:10     | Noticed Fannar
 12372 | D:10     | Killed Fannar
 12372 | D:10     | Reached skill level 1 in Armour
 12596 | D:11     | Noticed a green ugly thing
 12625 | D:11     | Reached *** piety under the Shining One
 12687 | D:11     | Noticed a purple ugly thing
 12698 | D:11     | Killed a purple ugly thing
 12836 | D:11     | Noticed a two-headed ogre
 12844 | D:11     | Killed a two-headed ogre
 12844 | D:11     | Reached skill level 1 in Polearms
 12844 | D:11     | Reached skill level 11 in Bows
 13289 | D:11     | Killed a green ugly thing
 13743 | D:11     | Found a staircase to the Orcish Mines.
 13790 | D:11     | Found an ornate altar of the Wu Jian Council.
 14591 | D:11     | Noticed an unseen horror
 14596 | D:11     | Killed an unseen horror
 14842 | D:12     | Noticed a white ugly thing
 14857 | D:12     | Killed a white ugly thing
 15159 | D:12     | Reached **** piety under the Shining One
 15315 | D:12     | Noticed a purple ugly thing
 15326 | D:12     | Killed a purple ugly thing
 15464 | D:12     | Reached XP level 12. HP: 68/72 MP: 3/22
 15498 | D:12     | Reached skill level 12 in Bows
 15602 | D:12     | Noticed Harold
 15638 | D:12     | Killed Harold
 16991 | D:13     | Found a gate to the Vaults.
 16991 | D:13     | Noticed a vault guard
 16991 | D:13     | Noticed a vault guard
 16991 | D:13     | Noticed a vault guard
 16991 | D:13     | Noticed a vault guard
 16991 | D:13     | Noticed a vault guard
 16994 | D:13     | Noticed a vault guard
 17095 | D:13     | Noticed a two-headed ogre
 17112 | D:13     | Killed a two-headed ogre
 17126 | D:13     | Reached skill level 1 in Hexes
 17235 | D:13     | Reached ***** piety under the Shining One
 17371 | D:13     | Killed a vault guard
 17400 | D:13     | Killed a vault guard
 17507 | D:13     | Killed a vault guard
 17711 | Lair:1   | Entered Level 1 of the Lair of Beasts
 18372 | Lair:1   | Found a runed gate.
 18664 | Lair:1   | Found a runed gate.
 18664 | Lair:1   | Found a viscous altar of Jiyva.
 18664 | Lair:1   | Found a runed gate.
 18664 | Lair:1   | Noticed inc's ghost (novice OpEn)
 19082 | Lair:2   | Reached XP level 13. HP: 78/78 MP: 24/24
 19339 | Lair:2   | Found a staircase to the Swamp.
 19903 | Lair:3   | Reached skill level 5 in Polearms
 20245 | Lair:3   | Noticed Snorg
 20274 | Lair:3   | Killed Snorg
 20657 | Lair:3   | Found the +8 whip "Snakebite" {curare, rPois}
 21656 | Orc:1    | Entered Level 1 of the Orcish Mines
 21997 | Orc:2    | Entered Level 2 of the Orcish Mines
 22674 | Orc:1    | Noticed an orc warlord
 22803 | Orc:1    | Noticed an ettin
 23087 | Orc:2    | Reached skill level 1 in Invocations
 23824 | Orc:2    | Found Yghamuz's Magic Scroll Shop.
 24234 | Orc:2    | Found a staircase to the Elven Halls.
 24295 | Orc:2    | Gained mutation: Your body sometimes deteriorates upon taking damage. [a neqoxec]
 24300 | Orc:2    | Gained mutation: Your large and strong wings let you fly indefinitely. [Gargoyle growth]
 24300 | Orc:2    | Reached XP level 14. HP: 59/86 MP: 0/26
 24879 | Orc:2    | Found Sirujikk's Gadget Shoppe.
 24890 | Orc:2    | Found Uwiwn's Armour Emporium.
 25031 | Orc:2    | Found a roughly hewn altar of Beogh.
 25031 | Orc:2    | Reached ****** piety under the Shining One
 25524 | Orc:2    | Noticed an orc warlord
 25595 | Orc:2    | Killed an orc warlord
 26130 | Orc:2    | Found a roughly hewn altar of Beogh.
 26137 | Orc:2    | Paralysed by an orc sorcerer for 4 turns
 26524 | Orc:2    | Found Qeuruxzome's Weapon Emporium.
 26901 | Elf:1    | Entered Level 1 of the Elven Halls
 27159 | Elf:1    | Found Uczukledwuo's Jewellery Shoppe.
 27160 | Elf:1    | Found Etud's Gadget Boutique.
 27161 | Elf:1    | Found Myuroif's Jewellery Shoppe.
 27604 | Elf:1    | Reached skill level 5 in Invocations
 27616 | Elf:1    | Shot with an arrow by a deep elf archer

Vault maps used:
D:1:      sevenhm_arrival_forest_fort_small_6
D:2:      nicolae_ashenzari_panopticon
D:3:      minmay_wonky_spiral
D:4:      nicolae_qazlal_general_emergency, chequers_temple_overflow_minitemple,
          minmay_temple_entry_trees, gammafunk_ghost_grave
D:5:      first_ration
D:7:      basic_altar
D:8:      slow_altar_1, minmay_misc_feat_ornament, uniq_joseph
D:9:      nrook_pool_corridor
D:10:     lair_entry_dummy, uniq_fannar
D:11:     erik_orc_1, serial_co_window_serial, co_window_corner_a,
          co_window_of_opportunity_a, co_window_paths_b, co_window_paths_b,
          co_window_paths_a, co_window_broadway_b, co_window_broadway_b,
          co_window_of_opportunity_b, co_window_corner_b, co_window_corner_b,
          glass_columns_a, basic_altar
D:12:     minmay_holes, uniq_harold
D:13:     erik_vaults_2, enter_trove_6, serial_shops, nicolae_shop_stone
Temple:   regret_index_temple_sphere_string
Lair:1:   gammafunk_ghost_ooze, serial_bayou_shore_b, lemuel_fruit_tree,
          infiniplex_staircase_pool, minmay_lair_oklob_chamber
Lair:2:   minmay_swamp_entry_wisps, grunt_megastairs_1
Lair:3:   minmay_guarded_unrand_snakebite, serial_bayou_shore_a, uniq_snorg
Orc:1:    cheibrodos_orc_arena, nooodl_orcs_dogs
Orc:2:    pubby_orc_utopia, serial_shops
Elf:1:    minivault_28, minivault_5, guppyfry_library_mini, minmay_shop_grove

Skill      XL: |  1  2  3  4  5  6  7  8  9 10 11 12 13 14 |
---------------+-------------------------------------------+-----
Dodging        | 2 3 4 |  4.9
Conjurations   | 2 3 4 5 6 7 8 9 |  9.5
Spellcasting   | 3 4 5 6 7 8 9 |  9.5
Fire Magic     | 4 5 6 7 8 9 |  9.7
Stealth        | 3 |  3.1
Bows           | 3 4 6 8 10 11 12 | 12.7
Fighting       | 1 2 4 6 7 8 9 |  9.5
Evocations     | 1 2 |  2.0
Armour         | 2 3 4 |  4.6
Polearms       | 2 4 6 7 |  7.3
Hexes          | 1 |  1.0
Invocations    | 2 5 |  5.0
Maces & Flails | |  0.2

Action                   |  1- 3 |  4- 6 |  7- 9 | 10-12 | 13-15 || total
-------------------------+-------+-------+-------+-------+-------++-------
Melee: Club              |     6 |       |       |       |       ||     6
       Dagger            |    50 |    52 |       |       |       ||   102
       Short sword       |    10 |       |       |       |       ||    10
       Trident           |       |       |       |    75 |   422 ||   497
 Fire: Shortbow          |       |    41 |   245 |   530 |    30 ||   846
Throw: Stone             |     1 |       |       |       |       ||     1
 Cast: Flame Tongue      |    42 |    23 |    81 |    51 |     8 ||   205
       Sticky Flame      |       |       |    31 |    57 |    40 ||   128
       Inner Flame       |       |       |     5 |     8 |     2 ||    15
       Conjure Flame     |       |       |     1 |    15 |     2 ||    18
       Fireball          |       |       |       |    53 |   154 ||   207
Invok: Divine Shield     |       |       |       |       |     1 ||     1
 Abil: Fly               |       |       |       |       |     1 ||     1
Evoke: Wand              |       |     3 |     3 |     5 |    13 ||    24
       Box of beasts     |       |       |       |       |     1 ||     1
  Use: Potion            |       |     3 |       |       |     2 ||     5
       Scroll            |       |       |     9 |    12 |    11 ||    32
 Stab: Sleeping          |     2 |       |       |       |       ||     2
       Invisible         |       |     3 |       |       |       ||     3
  Eat: Chunk             |     4 |     6 |    15 |    41 |    57 ||   123
       Ration            |       |     1 |     1 |     4 |     2 ||     8
Armor: Robe              |    24 |    23 |    28 |    17 |       ||    92
       Troll leather arm |       |       |       |    60 |   189 ||   249
Dodge: Dodged            |    46 |    49 |    71 |   137 |   412 ||   715
Block: Other             |       |       |       |       |     4 ||     4

Table legend:
 A = Spawn XP
 B = Non-spawn XP
 C = Spawn XP percentage of total XP
 D = Spawn monster count
 E = Non-spawn monster count
 F = Spawn count percentage of total count
 G = Total turns spent on level
                    A         B        C        D         E        F      G
               +---------+---------+-------+---------+---------+-------+---------
         Total |       0 |   75653 |   0.0 |       0 |     566 |   0.0 | 27616
               +---------+---------+-------+---------+---------+-------+---------
           D:1 |       0 |      28 |   0.0 |       0 |      16 |   0.0 |  1193
           D:2 |       0 |     130 |   0.0 |       0 |      31 |   0.0 |  1672
           D:3 |       0 |     160 |   0.0 |       0 |      21 |   0.0 |   930
           D:4 |       0 |     303 |   0.0 |       0 |       5 |   0.0 |  1197
           D:5 |       0 |     748 |   0.0 |       0 |      25 |   0.0 |  1504
           D:6 |       0 |    1569 |   0.0 |       0 |      38 |   0.0 |  1462
           D:7 |       0 |     780 |   0.0 |       0 |      22 |   0.0 |  1106
           D:8 |       0 |    3153 |   0.0 |       0 |      24 |   0.0 |  1417
           D:9 |       0 |    1370 |   0.0 |       0 |      18 |   0.0 |  1323
          D:10 |       0 |    2322 |   0.0 |       0 |      12 |   0.0 |   828
          D:11 |       0 |    5569 |   0.0 |       0 |      41 |   0.0 |  2266
          D:12 |       0 |    5478 |   0.0 |       0 |      25 |   0.0 |  1896
          D:13 |       0 |    6690 |   0.0 |       0 |      19 |   0.0 |   946
        Lair:1 |       0 |    3146 |   0.0 |       0 |      11 |   0.0 |  1193
        Lair:2 |       0 |    3785 |   0.0 |       0 |      20 |   0.0 |  1085
        Lair:3 |       0 |    9205 |   0.0 |       0 |      40 |   0.0 |  1593
         Orc:1 |       0 |    2457 |   0.0 |       0 |      45 |   0.0 |   824
         Orc:2 |       0 |   20562 |   0.0 |       0 |     139 |   0.0 |  4548
         Elf:1 |       0 |    8198 |   0.0 |       0 |      14 |   0.0 |   588
               +---------+---------+-------+---------+---------+-------+---------
